Map: Jagannatha LE

Players

Scarlett - Winner!

  • Race: Zerg Zerg
  • League: Master
  • Spawn Location: 1:00

MCanning

  • Race: Protoss Protoss
  • Spawn Location: 7:00

Event: DreamHack SC2 Masters 2020 Winter

VOD

Have the link to the VOD?

Description

Time

  • Played on: Oct. 30, 2020, 4:13 p.m.
  • Length: 10:55

All games in this series

Show
View Real Time Build Order
Export as new Build Order

Scarlett Zerg - Winner!

Build Orders: Hatch First 

Get SALT Encoding   

  12  0:00  Drone  
  13  0:12  Overlord  
  13  0:16  Drone  
  14  0:30  Drone x2  
  16  0:48  Hatchery  
  15  0:52  Drone  
  15  0:55  Drone  
  17  0:58  Drone  
  18  1:10  Extractor  
  17  1:13  Spawning Pool  
  17  1:17  Drone  
  17  1:21  Drone  
  18  1:28  Drone  
  19  1:38  Drone  
  20  1:50  Drone  
  21  2:00  Queen x2  
  21  2:01  Zergling x2, Overlord  
  26  2:10  Drone  
  26  2:11  Drone  
  26  2:14  Metabolic Boost  
  28  2:22  Drone x2  
  30  2:34  Hatchery  
  30  2:37  Drone  
  30  2:38  Drone  
  30  2:44  Drone  
  32  2:45  Overlord  
  32  2:53  Queen  
  32  2:55  Zergling x2  
  32  2:56  Drone  
  36  3:04  Drone  
  36  3:05  Drone  
  38  3:08  Drone x3  
  38  3:12  Queen  
  43  3:16  Overlord  
  43  3:17  Drone  
  44  3:27  Overlord  
  44  3:34  Queen  
  44  3:35  Drone  
  44  3:39  Drone  
  44  3:40  Drone x4  
  52  3:47  Drone x4  
  56  3:49  Overlord  
  56  3:54  Spore Crawler  
  55  3:59  Spore Crawler  
  55  4:01  Drone x2, Overlord  
  56  4:11  Drone x6  
  56  4:14  Overlord  
  62  4:17  Drone x3  
  62  4:20  Queen  
  67  4:26  Evolution Chamber  
  67  4:27  Roach Warren  
  66  4:31  Drone x3  
  66  4:34  Drone  
  69  4:40  Drone x5  
  69  4:43  Lair  
  69  4:45  Drone x2  
  76  4:48  Extractor  
  76  4:49  Drone, Extractor x2  
  76  4:50  Overlord  
  74  4:53  Zergling x2  
  74  4:54  Zergling x4  
  74  4:56  Zerg Missile Weapons Level 1  
  77  5:00  Overlord  
  77  5:06  Drone x3  
  80  5:09  Drone x2  
  80  5:10  Extractor  
  80  5:13  Zergling x4  
  83  5:14  Overlord  
  83  5:15  Drone  
  83  5:20  Extractor  
  83  5:23  Drone x7  
  83  5:27  Hatchery  
  89  5:29  Overlord  
  89  5:30  Overlord  
  89  5:44  Hydralisk Den  
  89  5:46  Queen x3  
  94  5:51  Drone x6  
  94  5:54  Overseer  
  99  6:06  Drone x9  
  99  6:07  Drone  
  109  6:18  Muscular Augments, Hydralisk x5  
  109  6:21  Overseer  
  119  6:26  Drone x2  
  121  6:33  Overlord x4  
  121  6:37  Infestation Pit, Hydralisk  
  121  6:38  Overlord x3  
  122  6:40  Extractor  
  122  6:41  Extractor  
  122  6:46  Drone x2  
  122  6:47  Drone x4  
  123  6:54  Zerg Missile Weapons Level 2  
  126  6:57  Evolution Chamber  
  126  6:59  Drone  
  126  7:01  Hydralisk x6  
  126  7:07  Hatchery  
  137  7:11  Overlord x3  
  137  7:12  Hydralisk x2  
  141  7:18  Hive  
  141  7:23  Zerg Ground Armor Level 1, Hydralisk x3  
  141  7:24  Hydralisk  
  141  7:28  Hydralisk x2  
  153  7:30  Grooved Spines  
  153  7:32  Hydralisk x3  
  159  7:40  Hydralisk  
  159  7:41  Hydralisk x4  
  167  7:54  Hydralisk x8  
  179  8:15  Extractor  
  178  8:21  Extractor  
  178  8:24  Zergling x20  
  178  8:25  Zergling x2  
  194  8:27  Hatchery  
  194  8:32  Viper x4  
  199  8:44  Spine Crawler  
  199  8:45  Spine Crawler  
  199  8:47  Adrenal Glands  
  197  8:48  Spine Crawler  
  196  8:56  Extractor  
  196  8:57  Extractor  
  182  9:24  Spire  
  182  9:25  Spire  
  182  9:27  Drone x3  
  182  9:28  Drone x3  
  186  9:44  Hydralisk x7  
  186  9:45  Pneumatized Carapace  
  200  9:46  Overseer x2  
  200  10:06  Hatchery  
  197  10:07  Spine Crawler  
  197  10:11  Zergling x12  
  197  10:16  Spore Crawler  
  194  10:25  Hydralisk x4  
  194  10:26  Hydralisk x10  
Show
View Real Time Build Order
Export as new Build Order

MCanning Protoss 

Build Orders: 1 Gate Expand, Oracle Opening, Carriers 

Get SALT Encoding   

  12  0:00  Probe  
  13  0:12  Probe  
  14  0:19  Pylon  
  14  0:24  Probe  
  15  0:37  Probe (Chrono Boost)  
  15  0:38  Gateway  
  16  0:48  Assimilator, Probe (Chrono Boost)  
  17  0:53  Probe (Chrono Boost)  
  18  1:04  Probe  
  19  1:10  Unknown  
  19  1:11  Unknown x2  
  19  1:16  Probe  
  20  1:24  Nexus  
  20  1:34  Cybernetics Core  
  20  1:36  Probe  
  21  1:40  Unknown  
  21  1:41  Unknown  
  21  1:43  Pylon  
  21  1:48  Probe  
  21  1:52  Assimilator  
  22  2:00  Probe  
  23  2:08  Adept (Chrono Boost)  
  23  2:12  Probe  
  26  2:24  Probe  
  26  2:25  Stargate  
  27  2:30  Stalker (Chrono Boost)  
  30  2:37  Probe (Chrono Boost)  
  30  2:41  Warp Gate  
  30  2:42  Probe (Chrono Boost)  
  31  2:47  Probe (Chrono Boost)  
  31  2:50  Probe (Chrono Boost)  
  33  2:52  Probe (Chrono Boost)  
  34  3:01  Probe, Void Ray (Chrono Boost)  
  34  3:04  Probe  
  40  3:13  Probe  
  40  3:16  Probe  
  42  3:20  Pylon  
  42  3:25  Probe  
  42  3:26  Gateway  
  43  3:28  Probe  
  44  3:35  Pylon  
  44  3:37  Probe  
  44  3:40  Assimilator, Probe  
  46  3:42  Oracle (Chrono Boost)  
  46  3:43  Assimilator  
  49  3:49  Probe  
  49  3:52  Probe  
  51  4:00  Pylon  
  51  4:01  Probe  
  52  4:04  Probe  
  53  4:13  Probe  
  53  4:17  Probe  
  55  4:23  Nexus  
  55  4:24  Pylon  
  55  4:25  Probe  
  55  4:29  Probe  
  57  4:37  Fleet Beacon, Probe  
  58  4:41  Probe  
  58  4:43  Stargate  
  59  4:45  Stargate  
  59  4:49  Probe  
  60  4:55  Probe  
  61  5:05  Probe  
  61  5:06  Pylon  
  62  5:07  Probe  
  62  5:10  Adept x2, Protoss Air Weapons Level 1  
  67  5:17  Probe  
  67  5:19  Carrier (Chrono Boost)  
  68  5:22  Shield Battery  
  68  5:24  Probe  
  75  5:29  Probe  
  76  5:36  Probe  
  76  5:37  Probe  
  76  5:41  Probe  
  79  5:43  Forge  
  79  5:44  Assimilator  
  79  5:48  Carrier (Chrono Boost), Probe  
  79  5:49  Probe  
  81  5:53  Probe  
  81  5:57  Assimilator  
  88  6:00  Probe  
  88  6:01  Probe  
  90  6:05  Probe  
  90  6:08  Robotics Facility  
  87  6:12  Probe  
  87  6:13  Carrier (Chrono Boost), Probe  
  87  6:14  Pylon  
  87  6:17  Probe  
  96  6:24  Probe  
  96  6:25  Probe, Void Ray (Chrono Boost)  
  97  6:26  Shield Battery  
  97  6:31  Pylon  
  102  6:35  Void Ray (Chrono Boost)  
  102  6:36  Probe  
  107  6:47  Zealot  
  107  6:51  Pylon x2  
  107  6:52  Pylon  
  109  6:55  Photon Cannon, Void Ray  
  113  7:08  Robotics Bay  
  113  7:12  Photon Cannon  
  113  7:13  Photon Cannon  
  113  7:15  Photon Cannon  
  113  7:17  Shield Battery, Observer (Chrono Boost)  
  113  7:21  Nexus  
  114  7:28  Probe  
  115  7:30  Photon Cannon  
  115  7:31  Observer (Chrono Boost)  
  115  7:33  Carrier  
  115  7:34  Probe  
  122  7:40  Zealot  
  124  7:48  Carrier  
  129  8:00  Disruptor (Chrono Boost)  
  130  8:08  Pylon  
  130  8:10  Pylon  
  130  8:25  Pylon  
  130  8:26  Disruptor (Chrono Boost), Pylon  
  130  8:28  Carrier  
  130  8:29  Nexus  
  130  8:30  Pylon  
  130  8:31  Pylon  
  139  8:34  Pylon  
  139  8:37  Photon Cannon  
  139  8:43  Carrier  
  145  8:52  Disruptor (Chrono Boost)  
  145  8:53  Photon Cannon  
  145  8:54  Photon Cannon  
  148  8:56  Photon Cannon x2  
  148  8:59  Shield Battery  
  145  9:06  Carrier  
  145  9:07  Zealot  
  153  9:14  Zealot  
  153  9:20  Disruptor (Chrono Boost)  
  156  9:26  Cybernetics Core  
  156  9:29  Cybernetics Core  
  153  9:36  Pylon  
  153  9:37  Pylon  
  153  9:42  Zealot x2  
  157  9:45  Nexus  
  157  9:46  Pylon  
  165  9:53  Disruptor (Chrono Boost)  
  171  10:13  Photon Cannon  
  167  10:14  Photon Cannon  
  167  10:16  Photon Cannon  
  155  10:27  Zealot  
Tags
 
Add a new tag
Caveats
  • Supply blocks, unpowered buildings, or Contaminate may cause inaccurate times.
  • Supply counts are checked every 10 seconds.